 Dungeon Crawl Stone Soup version 0.29-a0-275-g389c0b56f3 (webtiles) character file.

Game seed: 14259323358220984453

1 Dabor the Slasher (level 1, -4/14 HPs)
             Began as a Tengu Berserker on Mar 11, 2022.
             Was a Follower of Trog.
             Succumbed to a kobold's poison
             ... on level 1 of the Dungeon.
             The game lasted 00:00:07 (38 turns).

Dabor the Slasher (Tengu Berserker)                   Turns: 38, Time: 00:00:08

Health: -4/14      AC:  2    Str: 17    XL:     1   Next: 20%
Magic:  2/2        EV:  9    Int:  7    God:    Trog [*.....]
Gold:   0          SH:  0    Dex: 13    Spells: 0/0 levels left

rFire   . . .      SeeInvis .   a - +0 falchion
rCold   . . .      Faith    .   (no shield)
rNeg    . . .      Spirit   .   b - +0 animal skin
rPois   .          Reflect  .   (helmet restricted)
rElec   .          Harm     .   (no cloak)
rCorr   .          Rampage  .   (no gloves)
Will    .....                   (boots unavailable)
Stlth   +.........              (no amulet)
HPRegen 0.04/turn               (no ring)
MPRegen 0.08/turn               (no ring)

@: lethally poisoned (-4 -> -22), constricted
A: beak, talons 3
a: Renounce Religion, Berserk


You were on level 1 of the Dungeon.
You worshipped Trog.
Trog was aware of your devotion.
You visited 1 branch of the dungeon, and saw 1 of its levels.

Inventory:

Hand Weapons
 a - a +0 falchion (weapon)
Armour
 b - a +0 animal skin (worn)
Scrolls
 d - a scroll of identify {unknown}
Potions
 c - a potion of curing {unknown}


   Skills:
 + Level 3.0 Fighting
 + Level 3.3 Long Blades
 + Level 2.2 Armour
 + Level 2.2 Dodging


You couldn't memorise any spells.
You didn't know any spells.
Your spell library was empty.

Dungeon Overview and Level Annotations

Branches:
Dungeon (1/15)

Altars:


Innate Abilities, Weirdness & Mutations

You have a beak for a mouth.
You have claws for feet.


Message History

A quokka is nearby!
A kobold comes into view.
It is wielding a +0 short sword of venom.
The quokka misses you.
You barely miss the quokka. Your peck misses the quokka.
The quokka closely misses you.
The quokka bites you but does no damage.
You hit the quokka.
The quokka is heavily wounded.
The quokka bites you but does no damage.
You miss the quokka.
The quokka is heavily wounded.
The quokka barely misses you. The quokka misses you.
You barely miss the quokka. You peck the quokka.
You kill the quokka!
Trog accepts your kill. The kobold hits you but does no damage.
You are poisoned.
A ball python comes into view.
You feel sick.
The ball python hisses angrily.
The kobold barely misses you.
You feel sick.
The kobold hits you with a +0 short sword of venom.
You see here a +0 pair of boots.
The kobold attacks as you move away! The kobold hits you but does no damage.
You are lethally poisoned!
You feel very sick.
You barely miss the kobold.
* * * LOW HITPOINT WARNING * * *
You feel sick. The ball python closely misses you. x2
The kobold hits you with a +0 short sword of venom.
* * * LOW HITPOINT WARNING * * *
You are more poisoned.
The ball python barely misses you. The ball python grabs you.
The ball python constricts you.
* * * LOW HITPOINT WARNING * * *
You hit the kobold.
You kill the kobold!
Trog accepts your kill.
You die...

#...... ###.#.#. #.
#..... ..##.#.# .
..##....####.#.#.#. ..
#.......?.....#.#<# ...
..............#.#. #...
#.....###..#.#.# #....
#...........#.#.
#.....####....###.......
#.....S@)...### #....##.
##..........# ###.......
#..........# #...#..##.
####.......# ###.#.....
#.......#####.......
##.###+###.......#.. #.
######..#.. ## ......
###.#.#


You could see a ball python.

Vanquished Creatures
  A kobold (D:1)
  A quokka (D:1)
2 creatures vanquished.

Notes
Turn   | Place    | Note
-------+----------+-------------------------------------------
     0 | D:1      | Dabor the Tengu Berserker began the quest for the Orb.
     0 | D:1      | Reached XP level 1. HP: 14/14 MP: 2/2
    38 | D:1      | Succumbed to a kobold's poison

Illustrated notes

Levels and vault maps discovered:
D:1:      lightli_arrival_chessboard, layout_basic,
          ebering_ecumenical_altar_mist, serial_shops, shop_fountains

Action                   || total
-------------------------++-------
Melee: Falchion          ||     6
       Peck              ||     1
Armor: Animal skin       ||     4
Dodge: Dodged            ||     8

Table legend: (Time is in decaauts)
 A = Elapsed time spent in this place.
 B = Non-inter-level travel time spent in this place.
 C = Inter-level travel time spent in this place.
 D = Time resting spent in this place.
 E = Time spent auto-exploring this place.
 F = Levels seen in this place.
 G = Mean time per level.
                   A        B        C        D        E       F      G
               +--------+--------+--------+--------+--------+-----+--------+
         Total |     38 |     38 |      0 |      0 |     23 |   1 |   38.0 |
       Dungeon |     38 |     38 |      0 |      0 |     23 |   1 |   38.0 |
               +--------+--------+--------+--------+--------+-----+--------+

Top non-repeatable levels by time:
     D:1: 38 daAuts
